Map: King's Cove LE

Players

RiSky - Winner!

  • Race: Zerg Zerg
  • Spawn Location: 5:00

Creed

  • Race: Terran Terran
  • Spawn Location: 11:00

Event: 2019 WCS Summer

VOD

Have the link to the VOD?

Description

Time

  • Played on: July 12, 2019, 8:05 a.m.
  • Length: 10:30

All games in this series

Show
View Real Time Build Order
Export as new Build Order

RiSky Zerg - Winner!

Build Orders: Hatch First 

Get SALT Encoding   

  12  0:00  Drone  
  13  0:13  Overlord  
  13  0:18  Drone  
  14  0:31  Drone x2  
  16  0:50  Hatchery  
  16  0:52  Drone  
  17  0:57  Drone  
  17  1:00  Drone  
  18  1:11  Extractor  
  18  1:16  Spawning Pool  
  16  1:18  Drone  
  16  1:22  Drone  
  18  1:29  Drone  
  19  1:39  Drone  
  20  1:51  Overlord  
  20  2:02  Queen x2  
  20  2:03  Zergling x2  
  20  2:04  Zergling x2  
  26  2:12  Drone  
  26  2:13  Drone  
  26  2:14  Metabolic Boost  
  28  2:22  Drone  
  29  2:26  Drone  
  30  2:42  Drone x2  
  32  2:44  Hatchery  
  32  2:47  Overlord  
  31  2:51  Drone  
  31  2:55  Drone  
  31  2:58  Queen  
  35  3:05  Drone  
  36  3:13  Drone x2  
  36  3:14  Zergling x6, Drone  
  36  3:16  Zergling x2  
  43  3:23  Overlord  
  43  3:24  Zergling x2  
  43  3:40  Queen x2  
  47  3:42  Zergling x4, Overlord  
  47  3:43  Zergling x2  
  47  3:47  Drone  
  51  3:53  Overlord  
  51  3:59  Drone  
  51  4:02  Drone x2  
  54  4:03  Drone x2  
  54  4:05  Drone  
  54  4:06  Drone x2  
  54  4:07  Drone  
  54  4:09  Drone  
  60  4:13  Drone  
  61  4:20  Drone  
  62  4:26  Drone x2  
  62  4:28  Lair  
  62  4:29  Extractor  
  62  4:30  Drone, Extractor, Roach Warren  
  61  4:32  Drone  
  61  4:38  Drone  
  63  4:42  Drone  
  63  4:44  Drone  
  65  4:48  Drone  
  66  4:54  Drone  
  66  4:55  Drone x2  
  66  4:56  Drone x2  
  66  4:57  Drone  
  66  4:58  Overlord  
  66  4:59  Evolution Chamber  
  71  5:00  Overlord x2  
  71  5:02  Drone  
  71  5:03  Drone x2  
  74  5:10  Overlord  
  74  5:17  Overlord  
  74  5:18  Roach x2  
  74  5:21  Roach x4  
  84  5:27  Roach  
  84  5:28  Glial Reconstitution  
  87  5:29  Roach x2  
  87  5:30  Roach  
  87  5:35  Overlord  
  93  5:39  Zergling x8  
  97  5:43  Overlord  
  97  5:44  Zerg Missile Weapons Level 1, Drone  
  97  5:45  Drone  
  99  5:51  Drone  
  99  5:53  Drone x3  
  99  5:54  Drone  
  104  5:57  Drone  
  104  5:58  Extractor x2  
  104  6:01  Overlord  
  104  6:03  Overlord  
  103  6:05  Overlord  
  101  6:11  Overlord  
  101  6:13  Drone  
  100  6:25  Roach x2  
  100  6:26  Roach x7  
  100  6:28  Hatchery  
  100  6:30  Baneling Nest  
  112  6:33  Overlord  
  112  6:36  Roach  
  112  6:39  Roach  
  116  6:43  Roach  
  116  6:44  Overlord  
  116  6:45  Overlord  
  116  6:46  Roach x4  
  126  6:47  Drone  
  126  6:51  Roach  
  129  6:54  Overlord  
  129  6:58  Overlord  
  127  7:01  Overlord  
  127  7:02  Overlord  
  127  7:05  Overlord  
  127  7:06  Roach  
  127  7:07  Overlord  
  129  7:12  Drone x2  
  129  7:13  Centrifical Hooks, Drone x2  
  129  7:15  Drone x3  
  135  7:16  Drone  
  135  7:20  Drone  
  138  7:23  Drone  
  138  7:24  Drone  
  138  7:25  Drone  
  139  7:31  Drone  
  139  7:35  Zergling x2  
  139  7:36  Zergling x6  
  144  7:43  Zergling x2  
  144  7:44  Zergling x14  
  147  7:48  Zergling x2  
  139  7:56  Drone x2  
  139  7:57  Drone x2  
  139  7:58  Drone  
  141  8:04  Drone x2  
  130  8:08  Drone  
  130  8:09  Drone x2  
  130  8:10  Drone x2  
  129  8:14  Drone x2  
  129  8:18  Drone x2  
  133  8:20  Ravager  
  133  8:21  Ravager x13  
  133  8:22  Drone x3  
  133  8:23  Drone  
  133  8:26  Drone  
  152  8:31  Overlord  
  152  8:32  Overlord  
  151  8:39  Overlord  
  151  8:40  Overlord  
  148  8:42  Overseer  
  148  8:45  Drone  
  148  8:46  Drone x4  
  153  8:52  Drone  
  153  8:56  Drone x4  
  157  9:08  Drone  
  153  9:17  Drone x2  
  153  9:18  Drone x4  
  153  9:23  Zergling x24  
  153  9:24  Zergling x4  
  173  9:27  Overlord  
  173  9:31  Extractor  
  172  9:32  Overseer  
  172  9:33  Infestation Pit  
  172  9:36  Zergling x6  
  174  9:42  Zergling x2  
  175  9:56  Hatchery  
  175  9:59  Hatchery  
  166  10:00  Zergling x2  
  166  10:01  Zergling x24  
  172  10:10  Overlord  
  154  10:26  Extractor  
Show
View Real Time Build Order
Export as new Build Order

Creed Terran 

Build Orders: 2 Factory, Mech 

Get SALT Encoding   

  12  0:00  SCV  
  13  0:12  SCV  
  14  0:18  Supply Depot  
  14  0:25  SCV  
  15  0:39  SCV  
  15  0:40  Barracks  
  16  0:51  SCV  
  17  1:03  SCV  
  18  1:15  Command Center  
  18  1:18  SCV  
  19  1:27  Marine  
  19  1:31  Orbital Command  
  20  1:40  Supply Depot  
  20  1:45  Marine  
  21  1:52  Refinery  
  21  1:53  Refinery  
  21  1:57  SCV  
  22  2:03  Marine  
  23  2:09  SCV  
  24  2:16  Bunker  
  24  2:20  Marine  
  24  2:21  SCV  
  26  2:28  Orbital Command  
  26  2:33  SCV  
  27  2:44  Factory  
  27  2:45  SCV  
  27  2:49  Barracks Reactor  
  28  2:54  SCV  
  28  2:58  SCV  
  30  3:06  SCV  
  30  3:07  Factory  
  30  3:10  SCV  
  32  3:18  SCV  
  33  3:22  SCV  
  33  3:23  Supply Depot  
  34  3:30  SCV  
  35  3:35  Hellion x2  
  35  3:36  SCV  
  40  3:42  Barracks Tech Lab  
  40  3:43  SCV  
  41  3:49  SCV  
  41  3:51  Command Center  
  41  3:55  SCV  
  43  4:00  Hellion x2  
  47  4:08  SCV x2  
  49  4:12  Cyclone  
  49  4:15  Infernal Pre-Igniter  
  52  4:19  Supply Depot  
  52  4:27  SCV  
  51  4:32  Hellion  
  51  4:34  SCV  
  54  4:39  Hellion  
  54  4:42  Supply Depot  
  54  4:44  Cyclone  
  54  4:45  Supply Depot  
  57  4:46  SCV x2  
  59  4:53  Hellion  
  59  4:55  Armory  
  59  4:57  Armory  
  59  4:59  SCV  
  62  5:02  SCV  
  62  5:03  Hellion  
  62  5:04  Refinery  
  65  5:07  Orbital Command  
  65  5:13  Refinery  
  65  5:15  Hellion  
  65  5:18  Cyclone  
  70  5:22  SCV x2  
  70  5:28  Hellion  
  74  5:34  SCV x2  
  76  5:37  Hellion  
  78  5:46  SCV x2  
  78  5:49  Supply Depot  
  80  5:50  Cyclone, Supply Depot  
  80  5:51  Hellion  
  85  5:58  SCV x2  
  85  5:59  Hellion  
  85  6:01  Orbital Command, Terran Vehicle And Ship Armor Level 1, Terran Vehicle Weapons Level 1  
  89  6:04  Mag-Field Accelerator  
  86  6:17  SCV  
  87  6:19  Supply Depot  
  87  6:21  Hellion x2  
  87  6:23  SCV  
  87  6:24  Factory  
  87  6:25  Factory  
  92  6:28  SCV  
  92  6:30  SCV  
  94  6:34  Cyclone  
  94  6:35  SCV  
  98  6:40  SCV  
  98  6:42  SCV  
  100  6:47  SCV  
  100  6:48  Supply Depot  
  100  6:51  Hellion x2  
  100  6:52  SCV  
  100  6:54  Supply Depot  
  103  7:03  SCV x2  
  103  7:05  Refinery  
  103  7:07  Factory Tech Lab  
  102  7:08  Refinery  
  102  7:09  Factory Tech Lab  
  102  7:11  Factory  
  102  7:13  Cyclone  
  102  7:14  Hellion x2  
  109  7:16  SCV x2  
  111  7:29  Siege Tank x2  
  117  7:36  Hellion x2  
  114  7:38  Command Center  
  106  7:45  Siege Tank  
  95  7:53  SCV x2  
  95  7:54  Starport  
  91  8:00  Hellion x2  
  91  8:04  Siege Tank x2  
  91  8:05  SCV x2  
  93  8:09  Factory Tech Lab  
  83  8:26  Siege Tank  
  90  8:27  Hellion x2  
  90  8:35  Starport Tech Lab  
  90  8:36  Siege Tank  
  90  8:38  Cyclone  
  90  8:39  Hellion  
  98  8:42  SCV x2  
  98  8:48  Hellion  
  102  8:55  Orbital Command, Hellion  
  104  9:08  Cyclone  
  105  9:17  Siege Tank, Hellion x2  
  106  9:20  Orbital Command  
  110  9:30  Starport Reactor  
  98  9:35  Siege Tank  
  101  9:38  SCV x2  
  103  9:50  Refinery, SCV  
  103  9:51  SCV  
  103  9:56  Refinery, Hellion  
  97  10:02  Hellion x2  
  97  10:03  SCV  
Tags
 
Add a new tag
Caveats
  • Supply blocks, unpowered buildings, or Contaminate may cause inaccurate times.
  • Supply counts are checked every 10 seconds.